 Dungeon Crawl Stone Soup version 0.25-a0-35-g747a2b3c0c (webtiles) character file.

Game seed: 14348920904864243229, levelgen mode: deterministic

1001 QuitolisPecata the Sneak (level 8, -6/37 HPs)
             Began as a Spriggan Earth Elementalist on Oct 19, 2019.
             Shot with an arrow by a centaur (16 damage)
             ... on level 5 of the Dungeon.
             The game lasted 00:13:16 (5096 turns).

QuitolisPecata the Sneak (SpEE)                     Turns: 5096, Time: 00:13:16

Health: -6/37      AC:  2    Str:  4    XL:     8   Next: 0%
Magic:  13/18      EV: 19    Int: 18    God:
Gold:   210        SH:  0    Dex: 17    Spells: 8/19 levels left

rFire    . . .     SeeInvis +   s - staff of wizardry
rCold    . . .     Gourm    .   (shield currently unavailable)
rNeg     . . .     Faith    .   c - +0 robe
rPois    .         Spirit   .   (helmet restricted)
rElec    .         Reflect  .   (no cloak)
rCorr    .         Harm     .   (gloves unavailable)
MR       +....                  (boots unavailable)
Stlth    ++++......             (no amulet)
HPRegen  0.12/turn              (no ring)
MPRegen  0.16/turn              (no ring)

@: very quick
A: very small, unfitting armour, see invisible, herbivore, speed 3, slow
metabolism 2
a: no special abilities


You were on level 5 of the Dungeon.
You were not hungry.

You visited 1 branch of the dungeon, and saw 5 of its levels.

You collected 210 gold pieces.

Inventory:

Hand Weapons
 g - a +1 short sword of speed
 p - a +0 dagger
Missiles
 b - 78 stones
 k - 15 boomerangs (quivered)
 l - 29 poisoned darts
Armour
 c - a +0 robe (worn)
Magical Staves
 s - an uncursed staff of wizardry (weapon)
Jewellery
 o - an uncursed ring of fire {unknown}
 q - an uncursed ring of fire {unknown}
Wands
 r - a wand of disintegration (7)
Scrolls
 a - 7 scrolls of remove curse {unknown}
 f - 5 scrolls of identify {unknown}
 h - a scroll of magic mapping {unknown}
 i - 6 scrolls of teleportation {unknown}
 m - 2 scrolls of immolation {unknown}
 n - a scroll of blinking {unknown}
 t - a scroll of enchant armour {unknown}
Potions
 e - 2 potions of degeneration {unknown}
 j - 2 potions of brilliance {unknown}
Comestibles
 d - 9 rations


   Skills:
 + Level 0.7 Fighting
 + Level 2.6 Short Blades
 + Level 4.0 Dodging
 * Level 7.0 Stealth
 + Level 6.1 Spellcasting
 + Level 1.3 Transmutations
 * Level 5.9 Earth Magic


You had 8 spell levels left.
You knew the following spells:

 Your Spells              Type           Power        Failure   Level  Hunger
a - Sandblast             Erth           ####..       1%          1    None
b - Passwall              Tmut/Erth      ###.....     1%          2    None
c - Spider Form           Tmut/Pois      #.........   11%         3    ##.....
d - Lee's Rapid Deconstr  Erth           ####......   12%         5    #####..

Your spell library contained the following spells:

 Spells                   Type           Power        Failure   Level  Hunger
 Beastly Appendage        Tmut           ##....       2%          1    None
 Sticks to Snakes         Tmut           ##......     4%          2    None
 Stone Arrow              Conj/Erth      ###...       4%          3    ##.....
 Petrify                  Tmut/Erth      ###.....     11%         4    ####...
 Ice Form                 Ice/Tmut       #.......     32%         4    ####...
 Blade Hands              Tmut           ##........   56%         5    #####..


Dungeon Overview and Level Annotations

Branches:
Dungeon (5/15)
 Temple: D:4-7

Altars:
Fedhas
Sif Muna
Trog
The Shining One

Annotations:
D:4 2 transporters, mitkoXXVII's ghost, novice GrEE


Innate Abilities, Weirdness & Mutations

You are very small and have problems with some larger weapons.
You are too small for most types of armour.
You have supernaturally acute eyesight. (SInv)
You are a herbivore.
You cover ground extremely quickly.
You need to consume almost no food.


Message History

Press: ? - help, Shift-Dir - straight line, f/p - centaur
Aim: a centaur (severely wounded)
The blast of sand hits the centaur but does no damage.
The centaur is severely wounded.
b - 79 stones The centaur wields a +0 shortbow.
The centaur shoots an arrow.
The arrow hits you!!
Ouch! That really hurt!
The centaur shoots an arrow.
The arrow hits you!
* * * LOW HITPOINT WARNING * * *
Casting: Sandblast (safe; 1% risk of failure)
Confirm with . or Enter, or press ? or * to list all spells.
Aiming: Sandblast (safe; 1% risk of failure)
Press: ? - help, Shift-Dir - straight line, f/p - centaur
Aim: a centaur, wielding a +0 shortbow (severely wounded)
The blast of sand hits the centaur but does no damage.
The centaur is severely wounded.
b - 78 stones The centaur shoots an arrow.
The arrow hits you!
You die...

######.#.# #......
#....#.#.# #......
#.##.#.#.# #.....[
#.##.#.#.# #......
#.##.#.#.# #......
#.##.#†#.#############
#.#....c.......#
#.####.#.#####.#
#....@.#.# ########.#
#.# #.# ..# ##


You could see a centaur.

Vanquished Creatures
  Sigmund (D:5)
  A phantom (D:4)
  An ogre (D:3)
  2 howler monkeys
  A centaur zombie (D:5)
  A jelly (D:5)
  An orc priest (D:4)
  Jessica (D:2)
  Natasha (twice) (D:2)
  An iguana (D:4)
  4 orc wizards (D:5)
  2 worker ants
  2 hound zombies (D:5)
  A hound skeleton (D:5)
  A worker ant zombie (D:5)
  A gnoll (D:1)
  7 adders
  2 oozes
  An adder skeleton (D:5)
  A worm (D:3)
  3 dart slugs
  3 leopard geckos
  14 orcs
  9 bats
  2 giant cockroaches (D:2)
  4 goblins
  5 hobgoblins
  10 jackals
  8 kobolds
  2 quokkas (D:3)
  A ball python (D:3)
  7 frilled lizards
  A leopard gecko skeleton (D:4)
  3 rats
106 creatures vanquished.

Vanquished Creatures (others)
  An orc wizard (D:5)
1 creature vanquished.

Grand Total: 107 creatures vanquished

Notes
Turn   | Place    | Note
-------+----------+-------------------------------------------
     0 | D:1      | QuitolisPecata the Spriggan Earth Elementalist began the
                  | quest for the Orb.
     0 | D:1      | Reached XP level 1. HP: 9/9 MP: 5/5
   108 | D:1      | Found a glowing golden altar of the Shining One.
   297 | D:1      | Reached XP level 2. HP: 6/13 MP: 2/6
   793 | D:1      | Reached XP level 3. HP: 16/16 MP: 8/8
  1173 | D:2      | Noticed Jessica
  1181 | D:2      | Killed Jessica
  1181 | D:2      | Reached skill level 1 in Short Blades
  1181 | D:2      | Reached XP level 4. HP: 21/21 MP: 8/10
  1193 | D:2      | Noticed Natasha
  1200 | D:2      | Killed Natasha
  1290 | D:2      | Reached skill level 4 in Stealth
  1359 | D:2      | Found a faded altar of an unknown god.
  1462 | D:2      | Noticed Natasha
  1466 | D:2      | Killed Natasha
  1527 | D:3      | Reached XP level 5. HP: 24/24 MP: 7/11
  1767 | D:3      | Noticed an ogre
  1783 | D:3      | Killed an ogre
  1783 | D:3      | Reached skill level 5 in Stealth
  1886 | D:3      | Learned a level 2 spell: Passwall
  1890 | D:3      | Learned a level 3 spell: Spider Form
  1979 | D:3      | Reached XP level 6. HP: 28/28 MP: 11/13
  2529 | D:4      | Found a transporter.
  2530 | D:4      | Noticed mitkoXXVII's ghost (novice GrEE)
  2542 | D:4      | Found a transporter.
  2967 | D:4      | Reached skill level 6 in Stealth
  3150 | D:4      | Reached skill level 5 in Spellcasting
  3150 | D:4      | Reached skill level 5 in Earth Magic
  3150 | D:4      | Reached XP level 7. HP: 32/32 MP: 8/15
  3338 | D:4      | Learned a level 5 spell: Lee's Rapid Deconstruction
  3449 | D:5      | Entered Level 5 of the Dungeon
  3489 | D:5      | Found a shimmering blue altar of Sif Muna.
  3489 | D:5      | Found a blossoming altar of Fedhas.
  3819 | D:5      | Noticed Sigmund
  3823 | D:5      | HP: 1/32 [orc wizard/magic dart (8)]
  3828 | D:5      | Killed Sigmund
  4359 | D:5      | Found a bloodstained altar of Trog.
  4530 | D:5      | Reached skill level 7 in Stealth
  5078 | D:5      | Reached XP level 8. HP: 37/37 MP: 14/18
  5096 | D:5      | Shot with an arrow by a centaur

Levels and vault maps discovered:
D:1:      minmay_arrival_shattered_statue, layout_rooms, tso_metal_star
D:2:      layout_basic, chequers_ecumenical_altar_grove, uniq_natasha,
          uniq_jessica
D:3:      layout_basic
D:4:      layout_loops_cross, gammafunk_ghost_mausoleum
D:5:      layout_basic, grunt_temple_overflow_open, first_ration,
          grunt_ministairs_6, minmay_misc_feat_four_crosses, uniq_sigmund

Skill      XL: |  1  2  3  4  5  6  7 |
---------------+----------------------+-----
Earth Magic    | 3 4 5 |  5.9
Spellcasting   | 3 4 5 6 |  6.1
Short Blades   | 1 2 |  2.6
Stealth        | 4 5 6 7 |  7.0
Dodging        | 4 |  4.0
Fighting       | |  0.7
Transmutations | |  1.3

Action                   |  1- 3 |  4- 6 |  7- 9 || total
-------------------------+-------+-------+-------++-------
Melee: Short sword       |    51 |   107 |    64 ||   222
Throw: Boomerang         |     1 |       |       ||     1
 Cast: Sandblast         |    25 |    63 |    33 ||   121
       Lee's Rapid Decon |       |       |     2 ||     2
  Use: Potion            |       |     1 |     1 ||     2
 Stab: Sleeping          |     2 |     7 |     2 ||    11
  Eat: Ration            |       |       |     1 ||     1
Armor: Robe              |     7 |     9 |     2 ||    18
Dodge: Dodged            |    50 |    93 |    36 ||   179

Table legend:
 A = Non-vault XP
 B = Vault XP
 C = Vault XP percentage of total XP
 D = Non-vault monster count
 E = Vault monster count
 F = Vault count percentage of total count
                 A         B        C        D         E       F
            +---------+---------+-------+---------+---------+-------
      Total |    1148 |     282 |  19.7 |     104 |       3 |   2.8
            +---------+---------+-------+---------+---------+-------
        D:1 |      48 |       0 |   0.0 |      18 |       0 |   0.0
        D:2 |      68 |      74 |  52.1 |      18 |       2 |  10.0
        D:3 |     272 |       0 |   0.0 |      32 |       0 |   0.0
        D:4 |     315 |       0 |   0.0 |      16 |       0 |   0.0
        D:5 |     445 |     208 |  31.9 |      20 |       1 |   4.8
            +---------+---------+-------+---------+---------+-------
